 Dungeon Crawl Stone Soup version 0.21.0-3-g78d12a8 (webtiles) character file.

116 Diojeanne the Chucker (level 4, 0/42 HPs)
             Began as a Troll Hunter on Jan 16, 2018.
             Killed by nerve-wracking pain
             ... invoked by an orc priest
              (4 damage)
             ... on level 3 of the Dungeon.
             The game lasted 00:11:55 (1661 turns).

Diojeanne the Chucker (Troll Hunter)                Turns: 1661, Time: 00:11:55

Health: 0/42       AC:  5    Str: 21    XL:     4   Next: 69%
Magic:  3/3        EV: 10    Int:  7    God:
Gold:   116        SH:  0    Dex: 10    Spells: 3/3 levels left

rFire    . . .     SeeInvis .   a - +0 mace
rCold    . . .     Gourm    +   (no shield)
rNeg     . . .     Faith    .   l - +0 robe
rPois    .         Spirit   .   (helmet restricted)
rElec    .         Reflect  .   (no cloak)
rCorr    .         Harm     .   (gloves unavailable)
MR       .....                  (boots unavailable)
Stlth    +.........             (no amulet)
HPRegen  0.54/turn              (no ring)
MPRegen  0.08/turn              (no ring)

@: no status effects
A: large, unfitting armour, claws 3, fast metabolism 3, gourmand, regeneration
1, shaggy fur 1, tough skin 2
a: no special abilities


You were on level 3 of the Dungeon.
You were completely stuffed.

You visited 1 branch of the dungeon, and saw 3 of its levels.

You collected 116 gold pieces.

Inventory:

Hand Weapons
 a - a +0 mace (weapon)
 b - a +0 hunting sling
 n - a +0 short sword
Missiles
 c - 5 large rocks
 d - 2 throwing nets
 h - 12 sling bullets
 j - 41 stones (quivered)
 u - 13 poisoned needles
Armour
 l - a +0 robe (worn)
Scrolls
 i - 2 scrolls of remove curse {unknown}
 m - a scroll of identify
 p - 2 scrolls of magic mapping {unknown}
 t - 2 scrolls of teleportation
Potions
 e - 2 potions of brilliance {unknown}
 g - 4 potions of curing
 k - a potion of flight {unknown}
 o - a potion of invisibility {unknown}
 q - a potion of lignification {unknown}
 r - a potion of heal wounds {unknown}
 s - a potion of resistance {unknown}
Comestibles
 f - 5 rations
 v - a chunk of flesh


   Skills:
 + Level 2.1 Fighting
 + Level 4.0 Throwing
 + Level 1.3 Armour
 + Level 2.2 Dodging
 - Level 0.3 Stealth
 * Level 2.3 Unarmed Combat


You had 3 spell levels left.
You didn't know any spells.

Dungeon Overview and Level Annotations

Branches:
Dungeon (3/15)

Altars:
Gozag
Ru


Innate Abilities, Weirdness & Mutations

You are too large for most types of armour.
You have claws for hands.
Your metabolism is lightning-fast.
You like to eat raw meat.
Your natural rate of healing is unusually fast.
You are covered in fur. (AC +1)
You have very tough skin. (AC +2)


Message History

The orc hits you but does no damage.
The orc priest calls upon Beogh to heal the orc priest.
The orc priest is healed somewhat.
You hit the orc priest.
The orc priest is severely wounded.
The orc priest hits you but does no damage.
The orc hits you with a falchion!
* * * LOW HITPOINT WARNING * * *
The orc priest looks braver for a moment.
The orc priest hits you with a dagger.
* * * LOW HITPOINT WARNING * * *
The orc hits you but does no damage.
A dart slug comes into view.
As you read the scroll labeled KIN XOAWAITUIN, it crumbles to dust.
It is a scroll of identify.
t - 2 scrolls of teleportation The orc priest closely misses you.
The orc priest invokes the aid of Beogh against you.
Pain shoots through your body!
You die...

#.#.# (# #.#.#
#.# # #.#.#
#.o#.. #.#.###
.(....
#.#..@###..#...
#...ooo.w....$.
##.....<........
#....)..........
#...............
###..>..#.......
#.......#......
#.......##...#.
#.......# ####


You could see 2 orc priests, a dart slug and an orc.

Vanquished Creatures
  An orc wizard (D:3)
  2 adders (D:2)
  2 oozes (D:2)
  4 leopard geckos
  An orc (D:3)
  A ball python (D:2)
  3 bats
  6 giant cockroaches
  7 goblins
  7 hobgoblins
  4 jackals (D:2)
  4 kobolds
  4 frilled lizards
  4 rats
  2 bushes (D:2)
52 creatures vanquished.

Notes
Turn   | Place    | Note
-------+----------+-------------------------------------------
     0 | D:1      | Diojeanne the Troll Hunter began the quest for the Orb.
     0 | D:1      | Reached XP level 1. HP: 19/19 MP: 0/0
   135 | D:1      | Reached XP level 2. HP: 24/28 MP: 1/1
   210 | D:1      | Reached skill level 1 in Unarmed Combat
   653 | D:2      | Reached XP level 3. HP: 35/35 MP: 2/2
   705 | D:2      | Found a sacrificial altar of Ru.
   791 | D:2      | Reached skill level 1 in Armour
  1197 | D:2      | Found an opulent altar of Gozag.
  1303 | D:2      | Reached XP level 4. HP: 28/42 MP: 3/3
  1626 | D:3      | Reached skill level 4 in Throwing
  1661 | D:3      | Killed from afar by an orc priest

Skill      XL: |  1  2  3  4 |
---------------+-------------+-----
Unarmed Combat | 1 2 |  2.3
Armour         | 1 |  1.3
Dodging        | 2 |  2.2
Fighting       | 2 |  2.1
Throwing       | 4 |  4.0
Stealth        | |  0.3

Action                   |  1- 3 |  4- 6 || total
-------------------------+-------+-------++-------
Melee: Unarmed           |   155 |     5 ||   160
       Short sword       |     6 |       ||     6
       Punch             |     1 |       ||     1
       Mace              |       |     4 ||     4
 Fire: Hunting sling     |    63 |    25 ||    88
Throw: Large rock        |     2 |       ||     2
       Stone             |     5 |       ||     5
  Use: Scroll            |       |     1 ||     1
       Potion            |       |     1 ||     1
  Eat: Chunk             |    15 |     6 ||    21
Armor: Robe              |    32 |     7 ||    39
Dodge: Dodged            |    53 |    10 ||    63
